 Dungeon Crawl Stone Soup version 0.30.0-29-ga12c61a403 (webtiles) character file.

Game seed: 12588492729288981285

1747 qw the Cleaver (level 9, 0/56 HPs)
             Began as a Gargoyle Fighter on June 5, 2023.
             Was an Initiate of Okawaru.
             Slain by a gnoll sergeant
             ... wielding a +3 spear of venom
              (5 damage)
             ... on level 6 of the Dungeon.
             The game lasted 00:02:45 (5300 turns).

qw the Cleaver (Gargoyle Fighter)                   Turns: 5300, Time: 00:02:46

Health: 0/56       AC: 18    Str: 24    XL:     9   Next: 6%
Magic:  9/10       EV:  8    Int: 11    God:    Okawaru [......]
Gold:   233        SH:  4    Dex:  9    Spells: 8/8 levels left

rFire   . . .        Y - +0 war axe
rCold   + . .        c - +0 buckler
rNeg    + + .        o - +0 chain mail
rPois   inf          (no helmet)
rElec   +            f - +0 cloak of Vexation {rC+ rN+ Int+2}
rCorr   .            k - +0 pair of gloves
SInv    .            (no boots)
Will    .....        (no amulet) Stlth
                     (no ring)
HPRegen 0.29/turn    (no ring)
MPRegen 0.12/turn

%: no passive effects
@: no status effects
A: sickness immunity, AC +6, negative energy resistance 1, electricity
resistance, torment resistance 1, petrification resistance
a: Renounce Religion


You were on level 6 of the Dungeon.
You worshipped Okawaru.
Okawaru was noncommittal.
You visited 2 branches of the dungeon, and saw 7 of its levels.

You collected 233 gold pieces.


Innate Abilities, Weirdness & Mutations

You are immune to sickness and miasma.
Your stone body is resilient. (AC +6)
You are immune to poison.
You resist negative energy. (rN+)
You are resistant to electric shocks. (rElec)
You are resistant to unholy torment.
You are immune to petrification.


   Skills:
 - Level 6.4 Fighting
 + Level 8.9 Axes
 - Level 4.1 Armour
 - Level 1.3 Dodging
 - Level 3.2 Shields
 - Level 1.5 Invocations


You had 8 spell levels left.
You didn't know any spells.
Your spell library was empty.

Inventory:

Hand Weapons
 h - the +7 mace "Atocw" {drain, rF+}
   (You found it on level 3 of the Dungeon)

   rF:        It protects you from fire.
 l - a +2 flail of protection
 Y - a +0 war axe (weapon)
Armour
 c - a +0 buckler (worn)
 f - the +0 cloak of Vexation (worn) {rC+ rN+ Int+2}
   (You found it on level 4 of the Dungeon)

   Int:       It affects your intelligence (+2).
   rC:        It protects you from cold.
   rN:        It protects you from negative energy.
 k - a +0 pair of gloves (worn)
 o - a +0 chain mail (worn)
Wands
 b - a wand of digging (13)
Scrolls
 g - a scroll of identify
Potions
 a - a potion of cancellation
 d - a potion of might
 i - 3 potions of lignification
 m - a potion of mutation {unknown}
 n - a potion of haste {unknown}

Dungeon Overview and Level Annotations

Branches:
Dungeon (6/15)             Temple (1/1) D:5

Altars:
Cheibriados
Hepliaklqana
Kikubaaqudgha
Makhleb
Okawaru
Qazlal
Sif Muna
Trog
Uskayaw
Vehumet
Wu Jian
Xom

Annotations:
D:5 1 runed translucent door, qw's ghost, novice GrFi
D:6 3 runed translucent doors, qw's ghost, novice GrFi


Message History

The gnoll sergeant hits you but does no damage.
You closely miss the gnoll.
The gnoll is almost dead.
You hit the gnoll sergeant but do no damage.
The gnoll hits you but does no damage. The gnoll sergeant closely misses you.
You hit the gnoll.
You kill the gnoll!
Okawaru accepts your kill.
You hit the gnoll sergeant but do no damage.
You feel like a meek peon again.
The gnoll sergeant hits you but does no damage.
You slash the gnoll sergeant!
The gnoll sergeant is moderately wounded.
The gnoll sergeant hits you but does no damage.
You closely miss the gnoll sergeant.
The gnoll sergeant is moderately wounded.
The gnoll sergeant hits you but does no damage.
You barely miss the gnoll sergeant.
The gnoll sergeant is moderately wounded.
The gnoll sergeant barely misses you.
You hit the gnoll sergeant but do no damage.
The gnoll sergeant is moderately wounded.
The gnoll sergeant hits you with a +3 spear of venom.
You barely miss the gnoll sergeant.
The gnoll sergeant is moderately wounded.
The gnoll sergeant hits you with a +3 spear of venom!
You hit the gnoll sergeant.
The gnoll sergeant is moderately wounded.
The gnoll sergeant hits you with a +3 spear of venom.
You barely miss the gnoll sergeant.
The gnoll sergeant is moderately wounded.
The gnoll sergeant completely misses you.
You hit the gnoll sergeant.
The gnoll sergeant is heavily wounded.
The gnoll sergeant hits you with a +3 spear of venom!
You barely miss the gnoll sergeant.
The gnoll sergeant is heavily wounded.
The gnoll sergeant closely misses you.
The gnoll sergeant hits you with a +3 spear of venom.
You die...

#...................#
#...
#.......##..........#
#...
#.......##..........#
#...
#.......##...........
#...
##########...........
#... #..........#
#... #......... #.:.
#))...... ###...
#@)...... #_#...
......g)^......
#'#...
.........######
#..... .........#
#..... ..._.....#
#....# ...$.....#
#....# .........#
#....# ##########
#....# #....#


You could see a gnoll sergeant.

Vanquished Creatures
  Sigmund (D:2)
  2 ogres (D:6)
  A centaur (D:6)
  4 scorpions
  3 wights (D:6)
  An electric eel (D:6)
  A howler monkey (D:5)
  2 jellies (D:5)
  4 orc priests
  6 hounds
  A sleepcap (D:4)
  Natasha (twice) (D:2)
  5 iguanas
  3 orc wizards (D:6)
  3 adders
  13 gnolls
  An ufetubus (D:6)
  2 dart slugs
  12 orcs
  6 ball pythons
  7 endoplasms
  7 giant cockroaches
  3 hobgoblins
  9 jackals
  4 kobolds
  3 quokkas
  3 frilled lizards
  4 goblins
  3 rats
116 creatures vanquished.

Notes
Turn   | Place    | Note
-------+----------+-------------------------------------------
     0 | D:1      | qw the Gargoyle Fighter began the quest for the Orb.
     0 | D:1      | Reached XP level 1. HP: 14/14 MP: 1/1
     0 | D:1      | 0 ||| qw: Version: 0.2-a-108-gee2c290
     0 | D:1      | 0 ||| qw: Game counter: 1493
     0 | D:1      | 0 ||| qw: Always use a shield: true
     0 | D:1      | 0 ||| qw: God list: Okawaru
     0 | D:1      | 0 ||| qw: Allow faded altars: false
     0 | D:1      | 0 ||| qw: Do Orc after D:15 true
     0 | D:1      | 0 ||| qw: Do second Lair branch before Depths: true
     0 | D:1      | 0 ||| qw: Lair rune preference: random
     0 | D:1      | 0 ||| qw: Plans: Normal, Zot:1-4, Slime:5, God:TSO, Crypt,
                  | Tomb, Abyss, Pan, Hells, Win
     0 | D:1      | 0 ||| PLANNING D:1-11
    64 | D:1      | Reached skill level 2 in Axes
   127 | D:1      | Reached XP level 2. HP: 17/19 MP: 2/2
   175 | D:1      | 175 ||| Stepping ~*~*~tactically~*~*~ (hiding).
   176 | D:1      | 176 ||| Stepping ~*~*~tactically~*~*~ (hiding).
   186 | D:1      | Reached skill level 3 in Axes
   359 | D:1      | 359 ||| Stepping ~*~*~tactically~*~*~ (stealth).
   361 | D:1      | 361 ||| Stepping ~*~*~tactically~*~*~ (stealth).
   370 | D:1      | Reached XP level 3. HP: 19/23 MP: 3/3
   570 | D:1      | 570 ||| READING scroll labelled TEG YSMEBO.
   571 | D:1      | 571 ||| READING 3 scrolls labelled ZOREIP NYTA.
   572 | D:1      | 572 ||| READING scroll labelled QIUTIRALUI.
   573 | D:1      | 573 ||| DRINKING 3 golden potions.
   574 | D:1      | 574 ||| DRINKING 2 orange potions.
   642 | D:2      | Noticed Natasha
   652 | D:2      | Killed Natasha
   653 | D:2      | Reached XP level 4. HP: 26/28 MP: 4/4
   679 | D:2      | Reached skill level 4 in Axes
   690 | D:2      | Noticed Sigmund
   703 | D:2      | Killed Sigmund
   704 | D:2      | Reached skill level 5 in Axes
   704 | D:2      | Reached XP level 5. HP: 12/32 MP: 5/5
   704 | D:2      | Reached XP level 6. HP: 14/37 MP: 6/6
   883 | D:2      | 883 ||| Stepping ~*~*~tactically~*~*~ (hiding).
   885 | D:2      | 885 ||| Stepping ~*~*~tactically~*~*~ (hiding).
   886 | D:2      | 886 ||| Stepping ~*~*~tactically~*~*~ (hiding).
  1236 | D:2      | Found a burning altar of Makhleb.
  1460 | D:2      | Noticed Natasha
  1461 | D:2      | 1461 ||| Stepping ~*~*~tactically~*~*~ (hiding).
  1469 | D:2      | Killed Natasha
  1512 | D:2      | 1512 ||| UPGRADING to +0 pair of gloves.
  1517 | D:2      | 1517 ||| READING scroll labelled IFEELE HOK OTA.
  1518 | D:2      | 1518 ||| READING 2 scrolls labelled MOEHOS VAEGYI.
  1519 | D:2      | 1519 ||| READING 4 scrolls of identify.
  1519 | D:2      | 1519 ||| IDENTIFYING fuming white potion
  1520 | D:2      | 1520 ||| DROPPING potion of ambrosia.
  1521 | D:2      | 1521 ||| DROPPING scroll of blinking.
  1567 | D:3      | Found a radiant altar of Vehumet.
  1741 | D:3      | 1741 ||| DROPPING +0 club.
  1993 | D:3      | Identified the +7 mace "Atocw" {drain, rF+}
  1995 | D:3      | 1995 ||| DROPPING +0 mace.
  2400 | D:3      | 2400 ||| READING scroll labelled HIYFUBR DEJOBI.
  2501 | D:3      | 2501 ||| READING 4 scrolls of identify.
  2501 | D:3      | 2501 ||| IDENTIFYING white potion
  2502 | D:3      | 2502 ||| DROPPING potion of invisibility.
  2566 | D:4      | 2566 ||| STAIRDANCE
  2569 | D:3      | Reached skill level 1 in Dodging
  2629 | D:4      | Identified the +0 cloak of Vexation {rC+ rN+ Int+2}
  2733 | D:4      | 2733 ||| Stepping ~*~*~tactically~*~*~ (stealth).
  2737 | D:4      | 2737 ||| Stepping ~*~*~tactically~*~*~ (stealth).
  2738 | D:4      | 2738 ||| Stepping ~*~*~tactically~*~*~ (stealth).
  2769 | D:4      | Found a hazy altar of Hepliaklqana.
  2774 | D:4      | Found a bloodstained altar of Trog.
  2779 | D:4      | 2779 ||| UPGRADING to +0 cloak of Vexation {rC+ rN+ Int+2}.
  2824 | D:4      | 2824 ||| READING 3 scrolls of identify.
  2824 | D:4      | 2824 ||| IDENTIFYING lumpy dark potion
  3017 | D:4      | 3017 ||| Stepping ~*~*~tactically~*~*~ (stealth).
  3064 | D:4      | Reached skill level 6 in Axes
  3090 | D:4      | 3090 ||| Stepping ~*~*~tactically~*~*~ (hiding).
  3101 | D:4      | Reached XP level 7. HP: 32/43 MP: 7/7
  3293 | D:4      | 3293 ||| READING 2 scrolls of identify.
  3293 | D:4      | 3293 ||| IDENTIFYING viscous yellow potion
  3294 | D:4      | 3294 ||| DROPPING potion of berserk rage.
  3318 | D:5      | Entered Level 5 of the Dungeon
  3388 | D:5      | Reached skill level 7 in Axes
  3474 | D:5      | 3474 ||| DROPPING +0 flail.
  3480 | D:5      | 3480 ||| Stepping ~*~*~tactically~*~*~ (hiding).
  3698 | D:5      | 3698 ||| Stepping ~*~*~tactically~*~*~ (hiding).
  3827 | D:5      | Found a runed translucent door.
  3833 | D:5      | Noticed qw's ghost (novice GrFi)
  3901 | D:5      | 3901 ||| Stepping ~*~*~tactically~*~*~ (hiding).
  3903 | D:5      | 3903 ||| Stepping ~*~*~tactically~*~*~ (hiding).
  3904 | D:5      | 3904 ||| Stepping ~*~*~tactically~*~*~ (hiding).
  3910 | D:5      | Reached XP level 8. HP: 48/49 MP: 8/8
  3914 | D:5      | 3914 ||| Stepping ~*~*~tactically~*~*~ (stealth).
  3915 | D:5      | 3915 ||| Stepping ~*~*~tactically~*~*~ (stealth).
  3917 | D:5      | Found a staircase to the Ecumenical Temple.
  3918 | D:5      | 3918 ||| PLANNING TEMPLE
  3942 | D:5      | 3942 ||| READING scroll labelled IXTIPOILIU.
  3972 | D:5      | 3972 ||| Stepping ~*~*~tactically~*~*~ (stealth).
  3998 | Temple   | Entered the Ecumenical Temple
  4019 | Temple   | 4019 ||| PLANNING OKAWARU WORSHIP
  4090 | Temple   | Became a worshipper of Warmaster Okawaru
  4090 | Temple   | 4090 ||| PLANNING D:1-11
  4146 | D:5      | 4146 ||| Stepping ~*~*~tactically~*~*~ (stealth).
  4281 | D:5      | 4281 ||| Stepping ~*~*~tactically~*~*~ (stealth).
  4537 | D:5      | 4537 ||| UPGRADING to +0 chain mail.
  4547 | D:5      | 4547 ||| DROPPING +0 scale mail.
  4548 | D:5      | 4548 ||| READING scroll labelled UTRAAZ KENOA.
  4597 | D:6      | Found a runed translucent gate.
  4597 | D:6      | Found a runed translucent gate.
  4598 | D:6      | Found a runed translucent gate.
  4600 | D:6      | Noticed qw's ghost (novice GrFi)
  4601 | D:6      | Identified the +10 chain mail of Eseu {rC+ Regen+}
  4706 | D:6      | 4706 ||| Stepping ~*~*~tactically~*~*~ (hiding).
  4710 | D:6      | 4710 ||| Stepping ~*~*~tactically~*~*~ (hiding).
  4725 | D:6      | Reached skill level 8 in Axes
  4732 | D:6      | HP: 12/49 [something/puff of flame (3)]
  4733 | D:6      | 4733 ||| DRINKING 3 potions of heal wounds.
  4834 | D:6      | Reached * piety under Okawaru
  4873 | D:6      | Found a hide-covered altar of Uskayaw.
  4908 | D:6      | 4908 ||| INVOKING Heroism.
  4954 | D:6      | Reached skill level 6 in Fighting
  4980 | D:6      | HP: 12/52 [wight/+2 halberd of freezing (4)]
  4981 | D:6      | 4981 ||| DRINKING 2 potions of heal wounds.
  4988 | D:6      | 4988 ||| INVOKING Heroism.
  4989 | D:6      | HP: 13/52 [wight/+2 halberd of freezing (11)]
  4990 | D:6      | 4990 ||| DRINKING potion of heal wounds.
  5000 | D:6      | 5000 ||| INVOKING Heroism.
  5003 | D:6      | Reached skill level 1 in Invocations
  5003 | D:6      | Reached XP level 9. HP: 21/56 MP: 5/9
  5276 | D:6      | Found a snail-covered altar of Cheibriados.
  5280 | D:6      | 5280 ||| INVOKING Heroism.
  5296 | D:6      | HP: 13/56 [gnoll sergeant/+3 spear of venom (8)]
  5299 | D:6      | HP: 5/56 [gnoll sergeant/+3 spear of venom (7)]
  5300 | D:6      | Slain by a gnoll sergeant

Levels and vault maps discovered:
D:1:      spicycebolla_arrival_xxxplode, layout_rooms
D:2:      layout_basic, basic_altar, glass_columns_a, uniq_natasha, uniq_sigmund
D:3:      layout_basic, fiery_altar_vehumet, minmay_misc_feat_secret_circle,
          kennysheep_generic_room_3
D:4:      layout_basic, mainiacjoe_overflow_large_starburst
D:5:      layout_basic, minmay_temple_entry_tees, ebering_ghost_reflecting_pool
D:6:      layout_basic, cheibriados_altar_1, kennysheep_mini,
          biasface_ghost_orc_armoury, serial_bayou_ford_a
Temple:   nicolae_temple_great_sept

Skill      XL: |  1  2  3  4  5  6  7  8 |
---------------+-------------------------+-----
Axes           | 2 3 5 6 7 8 |  8.9
Fighting       | 4 5 6 |  6.4
Dodging        | 1 |  1.3
Armour         | 4 |  4.1
Invocations    | 1 |  1.5
Shields        | |  3.2

Action                     |  1- 3 |  4- 6 |  7- 9 || total
---------------------------+-------+-------+-------++-------
  Melee: War axe           |    58 |   110 |   257 ||   425
 Invoke: Heroism           |       |       |     4 ||     4
    Use: Scroll            |     3 |     6 |     3 ||    12
         Potion            |     2 |       |     3 ||     5
 Armour: Scale mail        |    43 |    40 |    65 ||   148
         Chain mail        |       |       |   119 ||   119
  Dodge: Dodged            |    23 |    46 |   136 ||   205
  Block: Buckler           |    11 |    14 |    74 ||    99

Table legend:
 A = Non-vault XP
 B = Vault XP
 C = Vault XP percentage of total XP
 D = Non-vault monster count
 E = Vault monster count
 F = Vault count percentage of total count
                 A         B        C        D         E       F
            +---------+---------+-------+---------+---------+-------
      Total |    2221 |     275 |  11.0 |     113 |       3 |   2.6
            +---------+---------+-------+---------+---------+-------
        D:1 |      51 |       0 |   0.0 |      21 |       0 |   0.0
        D:2 |      66 |     274 |  80.6 |      12 |       2 |  14.3
        D:3 |     116 |       1 |   0.9 |      11 |       1 |   8.3
        D:4 |     254 |       0 |   0.0 |      15 |       0 |   0.0
        D:5 |     719 |       0 |   0.0 |      30 |       0 |   0.0
        D:6 |    1015 |       0 |   0.0 |      24 |       0 |   0.0
            +---------+---------+-------+---------+---------+-------
